 Dungeon Crawl Stone Soup version 0.20.1-1-g8b1a95d (webtiles) character file.

2197 vineage the Basher (level 9, -5/51 HPs)
             Began as a Gargoyle Fighter on Nov 4, 2017.
             Slain by a manticore (13 damage)
             ... on level 7 of the Dungeon.
             The game lasted 00:08:20 (4874 turns).

vineage the Basher (Gargoyle Fighter)               Turns: 4874, Time: 00:08:20

Health: -5/51      AC: 14    Str: 22    XL:     9   Next: 34%
Magic:  9/9        EV:  7    Int: 10    God:
Gold:   0          SH:  9    Dex:  9    Spells: 8/8 levels left

rFire    . . .     SeeInvis .   a - +0 flail
rCold    . . .     Gourm    .   c - +0 shield
rNeg     + . .     Faith    .   G - +0 scale mail
rPois    ∞         Spirit   .   (no helmet)
rElec    +         Reflect  .   l - +0 cloak
rCorr    +         Harm     .   J - +0 pair of gloves
MR       .....                  (no boots)
Stlth    +.........             r - amulet of magic regeneration
Regen    0.2/turn               n - ring of resist corrosion
MPRegen  0.2/turn               z - ring of stealth

@: flying
A: negative energy resistance 1, electricity resistance, unbreathing,
petrification resistance, rot immunity, AC +5
a: no special abilities


You were on level 7 of the Dungeon.
You were near starving.

You visited 1 branch of the dungeon, and saw 9 of its levels.
You also visited: Ossuary.

Inventory:

Hand Weapons
 a - a +0 flail (weapon)
Armour
 b - a +0 scale mail
 c - a +0 shield (worn)
 g - a +0 plate armour
 l - a +0 cloak (worn)
 G - a +0 scale mail (worn)
 J - a +0 pair of gloves (worn)
Jewellery
 n - a ring of resist corrosion (left hand)
 r - an amulet of magic regeneration (around neck)
 z - a ring of stealth (right hand)
Wands
 s - a wand of random effects (23/48)
 x - a wand of flame (36/48)
 B - a wand of random effects (23/48)
 D - a wand of random effects (26/48)
Scrolls
 d - a scroll of amnesia
 h - 3 scrolls of fog
 i - 3 scrolls of remove curse
 j - a scroll of immolation {unknown}
 k - 3 scrolls of teleportation
 m - 2 scrolls of noise {unknown}
 t - 6 scrolls of recharging
 w - 2 scrolls of blinking {unknown}
 y - 2 scrolls of enchant weapon {unknown}
 H - a scroll of magic mapping {unknown}
Potions
 u - a potion of flight
 v - a potion of brilliance
Books
 p - a book of Maledictions

   Spells                             Type                      Level
   a - Corona                         Hexes                        1
   b - Ensorcelled Hibernation        Hexes/Ice                    2
   c - Confuse                        Hexes                        3
   d - Tukima's Dance                 Hexes                        3
   e - Dazzling Spray                 Conjuration/Hexes            3
 C - a book of Changes

   Spells                             Type                      Level
   a - Beastly Appendage              Transmutation                1
   b - Sticks to Snakes               Transmutation                2
   c - Spider Form                    Transmutation/Poison         3
   d - Ice Form                       Ice/Transmutation            4
   e - Blade Hands                    Transmutation                5
Comestibles
 f - 5 bread rations
 o - 6 meat rations
 E - a fruit


   Skills:
 - Level 3.2 Fighting
 + Level 12.0 Maces & Flails
 - Level 3.2 Armour
 - Level 3.2 Shields


You had 8 spell levels left.
You didn't know any spells.

Dungeon Overview and Level Annotations

Branches:
Dungeon (9/15)             Temple (0/1) D:7
   Lair: D:8-11         Orc: D:9-12

Altars:
Elyvilon
Gozag
Qazlal

Annotations:
D:8 Maurice


Innate Abilities, Weirdness & Mutations

You are resistant to torment.
Your stone body is resilient. (AC +5)
You are immune to poison.
You resist negative energy. (rN+)
You are resistant to electric shocks. (rElec)
You can survive without breathing.
You are immune to petrification.
You are immune to rotting.


Message History

The manticore bites you but does no damage.
You block the manticore's attack.
The manticore claws you but does no damage.
You feel better. The manticore barely misses you.
You block the manticore's attack. The manticore closely misses you.
You hit the manticore.
The manticore is severely wounded.
The manticore bites you but does no damage.
The manticore claws you. The manticore barely misses you.
You hit the manticore.
The manticore is severely wounded.
You sock the manticore!
The manticore is almost dead.
The manticore bites you!
* * * LOW HITPOINT WARNING * * *
The manticore claws you but does no damage. x2
You hit the manticore.
The manticore is almost dead.
The manticore bites you!
You die...

#.......##.#####
#.......##.#
#.########.# #.#
#.# #.# #.# #.# #.#
#.# #.# #H# #####.#
### #@# #.....#
.....#.####.##..##
#.............#
...(...####....♣..#
#.####### #....P..#
#......## ##.....#
##.##.# #.# .#


You could see a manticore.

Vanquished Creatures
  A hippogriff (D:7)
  A spriggan (D:7)
  A water moccasin (D:5)
  A sky beast (D:7)
  A phantom (D:7)
  An orc warrior (D:6)
  An ogre (D:4)
  A centaur (D:5)
  A crocodile (D:7)
  A big kobold (D:8)
  An elf zombie (Ossuary)
  3 bullfrogs (D:6)
  3 howler monkeys
  3 crimson imps
  2 bullfrog zombies (D:5)
  2 human zombies (Ossuary)
  2 centaur zombies (Ossuary)
  A hound (D:6)
  An orc priest (D:6)
  A bullfrog skeleton (D:6)
  A centaur skeleton (D:7)
  Natasha (thrice) (D:2)
  2 worker ants (D:4)
  A big kobold zombie (Ossuary)
  2 hound skeletons
  3 mummies (Ossuary)
  A howler monkey zombie (D:7)
  3 gnolls (D:7)
  4 adders
  2 oozes
  4 adder zombies (Ossuary)
  2 worms
  3 dart slugs
  3 leopard geckos
  8 orcs
  4 bats
  4 giant cockroaches
  A gnoll zombie (Ossuary)
  6 hobgoblins
  16 jackals
  8 kobolds
  4 frilled lizards
  4 goblins
  4 goblin zombies (Ossuary)
  A hobgoblin zombie (Ossuary)
  A jackal skeleton (D:7)
  5 jackal zombies (Ossuary)
  2 kobold zombies (Ossuary)
  An orc zombie (Ossuary)
  5 quokka zombies (Ossuary)
  11 rats
  3 rat zombies (Ossuary)
151 creatures vanquished.

Notes
Turn   | Place    | Note
-------+----------+-------------------------------------------
     0 | D:1      | vineage the Gargoyle Fighter began the quest for the Orb.
     0 | D:1      | Reached XP level 1. HP: 14/14 MP: 1/1
   253 | D:1      | Reached XP level 2. HP: 19/19 MP: 2/2
   347 | D:1      | Reached skill level 3 in Maces & Flails
   749 | D:2      | Noticed Natasha
   763 | D:2      | Killed Natasha
   763 | D:2      | Reached XP level 3. HP: 19/23 MP: 3/3
   765 | D:2      | Reached skill level 4 in Maces & Flails
   856 | D:2      | Reached XP level 4. HP: 23/28 MP: 4/4
  1045 | D:2      | Noticed Natasha
  1049 | D:2      | Killed Natasha
  1052 | D:2      | Noticed Natasha
  1061 | D:2      | Killed Natasha
  1061 | D:2      | Reached skill level 5 in Maces & Flails
  1061 | D:2      | Reached XP level 5. HP: 21/32 MP: 5/5
  2418 | D:4      | Noticed an ogre
  2428 | D:4      | Killed an ogre
  2428 | D:4      | Reached skill level 6 in Maces & Flails
  2428 | D:4      | Reached XP level 6. HP: 37/37 MP: 6/6
  2657 | D:5      | Entered Level 5 of the Dungeon
  2669 | D:5      | Noticed a water moccasin
  2695 | D:5      | Killed a water moccasin
  2695 | D:5      | Reached skill level 7 in Maces & Flails
  2695 | D:5      | Reached XP level 7. HP: 22/41 MP: 7/7
  2760 | D:5      | Reached skill level 8 in Maces & Flails
  2799 | D:5      | Found a stormy altar of Qazlal.
  3258 | D:6      | Reached skill level 9 in Maces & Flails
  3258 | D:6      | Reached XP level 8. HP: 30/46 MP: 8/8
  3777 | D:7      | Reached skill level 10 in Maces & Flails
  3823 | D:7      | Found a sand-covered staircase.
  3834 | Ossuary  | Entered an ossuary
  4198 | D:7      | Noticed a hippogriff
  4212 | D:7      | Killed a hippogriff
  4212 | D:7      | Reached skill level 11 in Maces & Flails
  4223 | D:7      | Reached XP level 9. HP: 45/51 MP: 9/9
  4358 | D:7      | Found a white marble altar of Elyvilon.
  4380 | D:7      | You fall through a shaft for 2 floors!
  4445 | D:8      | Noticed Maurice
  4751 | D:7      | Found an opulent altar of Gozag.
  4803 | D:7      | Reached skill level 12 in Maces & Flails
  4812 | D:7      | Found a staircase to the Ecumenical Temple.
  4839 | D:7      | Noticed a manticore
  4874 | D:7      | Slain by a manticore

Skill      XL: |  1  2  3  4  5  6  7  8  9 |
---------------+----------------------------+-----
Maces & Flails | 3 4 5 6 7 9 11 12 | 12.0
Fighting       | |  3.2
Armour         | |  3.2
Shields        | |  3.2

Action                   |  1- 3 |  4- 6 |  7- 9 || total
-------------------------+-------+-------+-------++-------
Melee: Flail             |   115 |   253 |   547 ||   915
  Use: Potion            |       |     3 |     9 ||    12
       Scroll            |       |     8 |     4 ||    12
  Eat: Chunk             |       |     6 |     4 ||    10
       Royal jelly       |       |       |     1 ||     1
       Fruit             |       |       |     1 ||     1
Armor: Plate armour      |   104 |   270 |   364 ||   738
       Scale mail        |       |       |    59 ||    59
Dodge: Dodged            |    14 |    43 |    92 ||   149
Block: Shield            |    80 |   177 |   250 ||   507
